 Dungeon Crawl Stone Soup version 0.31-a0-1074-g0b22e4e0f1 (webtiles) character file.

Game seed: 12618415011793431039

11 kae the Vexing (level 2, -2/18 (19) HPs)
             Began as a Demonspawn Enchanter on Nov 26, 2023.
             Frozen to death by an endoplasm (5 damage)
             ... on level 1 of the Dungeon.
             The game lasted 00:00:19 (581 turns).

kae the Vexing (Demonspawn Enchanter)                Turns: 581, Time: 00:00:20

HP:   -2/18 (19)    AC:  2    Str:  8    XL:     2   Next: 17%
MP:   5/5           EV: 12    Int: 16    God:
Gold: 11            SH:  0    Dex: 13    Spells: 5/5 levels left

rFire   . . .        a - +1 dagger
rCold   . . .        (no shield)
rNeg    . . .        b - +0 robe
rPois   .            (no helmet)
rElec   .            (no cloak)
rCorr   .            (no gloves)
SInv    .            (no boots)
Will    .....        (no amulet)
Stlth   ++           (no ring)
HPRegen 0.23/turn    (no ring)
MPRegen 0.09/turn

%: no passive effects
@: drained
A: claws 1
a: no special abilities


You were on level 1 of the Dungeon.
You visited 1 branch of the dungeon, and saw 1 of its levels.

You collected 11 gold pieces.


Innate Abilities, Weirdness & Mutations

You have sharp fingernails.


   Skills:
 + Level 0.3 Fighting
 * Level 1.2 Short Blades
 + Level 1.8 Dodging
 + Level 2.7 Stealth
 + Level 2.1 Spellcasting
 * Level 3.2 Hexes


You had 5 spell levels left.
You didn't know any spells.
Your spell library contained the following spells:

 Spells                   Type           Power      Damage    Failure   Level
 Ensorcelled Hibernation  Hex/Ice        12%        N/A       16%         2
 Confusing Touch          Hex            12%        N/A       16%         3
 Tukima's Dance           Hex            12%        N/A       16%         3
 Dazzling Flash           Conj/Hex       12%        N/A       32%         3

Inventory:

Hand Weapons
 a - a +1 dagger (weapon)
Missiles
 h - a stone
Armour
 b - a +0 robe (worn)
Scrolls
 e - a scroll of fear {unknown}
 f - 2 scrolls of silence {unknown}
 i - 2 scrolls of brand weapon {unknown}
Potions
 c - 2 potions of invisibility
 d - a potion of cancellation {unknown}
 g - a potion of lignification {unknown}

Dungeon Overview and Level Annotations

Branches:
Dungeon (1/15) Zot: 5421

Altars:

###.#....#####...###..
#...........##....##..
#...........##....##..
#...........##.....#..
#...........##...#....
#...........##...##...
#...........#######...
#####.####### ##.. #@#
#.. #J# ### #.........
#......... #.........
#### #......... ....
#......... ....
#......... ....
#......... ####


You could see an endoplasm.


Message History

You take 3 damage, and now have 7/13 hp.
MASSIVE DAMAGE!! (PAUSE)
You hit the hobgoblin.
You kill the hobgoblin! 😮 HP[+1] Key pressed, stopping explore.
Unknown command. 😎 HP[+5]
Your hp is fully restored (13).
You see here a +0 whip.
There is an open door here.
There is an open door here.
A kobold comes into view. It is wielding a +0 short sword.
Found 2 scrolls labelled UMI TENLELI.
Found a stone staircase leading down.
The kobold shouts!
The kobold throws a stone.
The stone barely misses you. The kobold barely misses you.
A kobold is nearby!
You hit the kobold. The kobold barely misses you.
You hit the kobold.
You kill the kobold!
You have reached level 2!
Your demonic ancestry asserts itself...
Your fingernails lengthen. 😎 HP[+6] MP[+2]
You now have 19 max hp (+6).
Your hp is fully restored (19).
Your mp is fully restored (5).
h - a stone You see here a +0 short sword.
i - 2 scrolls labelled UMI TENLELI A goblin comes into view.
It is wielding a +0 club.
A goblin is nearby!
A goblin is nearby!
The goblin shouts!
You completely miss the goblin. The goblin hits you but does no damage.
A goblin is nearby!
You hit the goblin.
You kill the goblin!
No target in view!
Key pressed, stopping explore.
No target in view!
No target in view!
A goblin comes into view. It is wielding a +0 club.
The goblin shouts!
You hear a shout!
A rat comes into view.
A kobold and an endoplasm come into view.
The kobold is wielding a +1 dagger of draining.
The kobold shouts!
You barely miss the rat.
Okay, then.
You closely miss the rat. The rat closely misses you.
You hit the rat. The rat closely misses you. The rat attacks as it pursues you!
The rat closely misses you.
You hit the rat.
You kill the rat!
You closely miss the goblin. The goblin hits you but does no damage.
You closely miss the goblin. The goblin closely misses you.
You miss the goblin.
The goblin hits you with a +0 club. 😕 HP[-3]
You take 3 damage, and now have 16/19 hp.
You barely miss the goblin. The goblin hits you with a +0 club.
You hit the goblin.
You kill the goblin!
You hit the kobold.
The kobold hits you with a +1 dagger of draining.
You feel drained.
You are too injured to fight recklessly! 😮 HP[-4]
You now have 18 max hp (-1).
You take 4 damage, and now have 12/18 hp.
MASSIVE DAMAGE!! (PAUSE)
You closely miss the kobold. The kobold closely misses you.
Unknown command.
You hit the kobold.
You kill the kobold!
You barely miss the endoplasm. The endoplasm freezes you.
You are frozen.
* * * LOW HITPOINT WARNING * * *
Unknown command. 😨 HP[-3]
You take 3 damage, and now have 9/18 hp.
You barely miss the endoplasm. The endoplasm freezes you.
You are frozen.
* * * LOW HITPOINT WARNING * * *
😱 HP[-5]
You take 5 damage, and now have 4/18 hp.
MASSIVE DAMAGE!! (PAUSE)
You hit the endoplasm but do no damage.
A bat comes into view.
The endoplasm freezes you.
You are frozen.
* * * LOW HITPOINT WARNING * * *
😱 HP[-1]
You take 1 damage, and now have 3/18 hp.
You hit the endoplasm. The endoplasm freezes you.
You are frozen.
You die...

Skill      XL: |  1 |
---------------+----+-----
Short Blades   | 1 |  1.2
Fighting       | |  0.3
Dodging        | |  1.8
Stealth        | |  2.7
Spellcasting   | |  2.1
Hexes          | |  3.2

Action                     || total
---------------------------++-------
  Melee: Dagger            ||    64
   Stab: Sleeping          ||     2
 Armour: Robe              ||    21
  Dodge: Dodged            ||    33

Levels and vault maps discovered:
D:1:      shiori_arrival_maze, layout_basic, serial_shops,
          nicolae_shop_pleasant_corner_grove

Notes
Turn   | Place    | Note
-------+----------+-------------------------------------------
     0 | D:1      | kae the Demonspawn Enchanter began the quest for the Orb.
     0 | D:1      | Reached XP level 1. HP: 13/13 MP: 3/3
     0 | D:1      | magus.rc [v1.11.3]
    79 | D:1      | HP: 3/13 [kobold/+0 whip (1)]
    84 | D:1      | Reached skill level 1 in Short Blades
   521 | D:1      | Gained mutation: You have sharp fingernails. [demonic
                  | ancestry]
   521 | D:1      | Reached XP level 2. HP: 19/19 MP: 5/5
   579 | D:1      | HP: 4/18 [frozen (5)]
   581 | D:1      | Frozen to death by an endoplasm

Vanquished Creatures
  A giant cockroach (D:1)
  A hobgoblin (D:1)
  3 kobolds (D:1)
  A ball python (D:1)
  A frilled lizard (D:1)
  2 goblins (D:1)
  4 rats (D:1)
13 creatures vanquished.

Table legend:
 A = Non-vault XP
 B = Vault XP
 C = Vault XP percentage of total XP
 D = Non-vault monster count
 E = Vault monster count
 F = Vault count percentage of total count
                 A         B        C        D         E       F
            +---------+---------+-------+---------+---------+-------
      Total |      14 |       3 |  17.6 |      11 |       2 |  15.4
            +---------+---------+-------+---------+---------+-------
        D:1 |      14 |       3 |  17.6 |      11 |       2 |  15.4
            +---------+---------+-------+---------+---------+-------

Skill      XL: |  1 |
---------------+----+-----
Short Blades   | 1 |  1.2
Fighting       | |  0.3
Dodging        | |  1.8
Stealth        | |  2.7
Spellcasting   | |  2.1
Hexes          | |  3.2

Action                     || total
---------------------------++-------
  Melee: Dagger            ||    64
   Stab: Sleeping          ||     2
 Armour: Robe              ||    21
  Dodge: Dodged            ||    33

Illustrated notes

Table legend:
 A = Kills in this place as a percentage of kills in the entire game.
 B = Kills by you in this place as a percentage of kills by you in the entire game.
 C = Kills by friends in this place as a percentage of kills by friends in the entire game.
 D = Other kills in this place as a percentage of other kills in the entire game.
 E = Experience gained in this place as a percentage of experience gained in the entire game.
 F = Experience gained in this place divided by the number of levels of this place that you have seen.
                   A       B       C       D       E      F
               +-------+-------+-------+-------+-------+----------------------
         Total | 100.0 | 100.0 |   N/A |   N/A | 100.0 |  17.0
       Dungeon | 100.0 | 100.0 |   N/A |   N/A | 100.0 |  17.0
               +-------+-------+-------+-------+-------+----------------------

Table legend: (Time is in decaauts)
 A = Elapsed time spent in this place.
 B = Non-inter-level travel time spent in this place.
 C = Inter-level travel time spent in this place.
 D = Time resting spent in this place.
 E = Time spent auto-exploring this place.
 F = Levels seen in this place.
 G = Mean time per level.
                   A        B        C        D        E       F      G
               +--------+--------+--------+--------+--------+-----+--------+
         Total |    577 |    577 |      0 |      0 |    477 |   1 |  577.0 |
       Dungeon |    577 |    577 |      0 |      0 |    477 |   1 |  577.0 |
               +--------+--------+--------+--------+--------+-----+--------+

Top non-repeatable levels by time:
     D:1: 577 daAuts
